[Event "Team 45 45 League T58"]
[Site "Internet Chess Club"]
[Date "2013.08.25"]
[Round "1"]
[White "jt2000"]
[Black "Electryon"]
[Result "1-0"]
[WhiteElo "1786"]
[BlackElo "1491"]
[Opening "French: Chigorin variation"]
[ECO "C00"]
[Time "17:00:59"]
[TimeControl "2700+45"]

1. e4 e6 2. Qe2 c5 3. c3 Nc6 4. g3 d6 5. Bg2 g6 6. f4 Bg7 7. Nf3 Nge7 8. O-O O-O
9. d3 e5 10. Be3 b6 11. Nbd2 f5 12. fxe5 fxe4 13. exd6 exf3 14. dxe7 fxe2 15.
Rxf8+ Qxf8 16. exf8=Q+ Bxf8 17. Bxc6 Rb8 18. Bf4 Bb7 19. Bxb8 Bxc6 20. Kf2
{Black resigns} 1-0

[Event "Team 45 45 League T58"]
[Site "Internet Chess Club"]
[Date "2013.08.24"]
[Round "1"]
[White "zap2"]
[Black "LittleButton"]
[Result "0-1"]
[WhiteElo "1793"]
[BlackElo "1868"]
[Opening "Kevitz-Trajkovich defense"]
[ECO "A50"]
[Time "04:36:37"]
[TimeControl "2700+45"]

1. d4 Nf6 2. c4 Nc6 3. Nc3 e5 4. d5 Ne7 5. e4 Ng6 6. Bd3 Bb4 7. Ne2 O-O 8. a3
Bxc3+ 9. Nxc3 d6 10. b4 Bd7 11. O-O Rc8 12. f3 b6 13. Be3 Nh5 14. c5 dxc5 15.
bxc5 Ngf4 16. Ba6 Qg5 17. Qd2 Rcd8 18. Kh1 Qh6 19. Qf2 Qg6 20. g3 Nh3 21. Qg2
bxc5 22. Bxc5 Qxa6 23. Bxf8 Rxf8 24. Rfc1 Qb6 25. a4 Nf2+ 26. Kg1 Nxe4+ 27. Kf1
Bh3 {White resigns} 0-1

[Event "Team 45 45 League T58"]
[Site "Internet Chess Club"]
[Date "2013.08.25"]
[Round "1"]
[White "Schachteufel"]
[Black "Riddick"]
[Result "0-1"]
[WhiteElo "1676"]
[BlackElo "1888"]
[Opening "Caro-Kann: Panov-Botvinnik, normal variation"]
[ECO "B13"]
[Time "17:30:21"]
[TimeControl "2700+45"]

1. e4 c6 2. d4 d5 3. exd5 cxd5 4. c4 Nf6 5. Nc3 Nc6 6. Bg5 e6 7. Nf3 Be7 8. cxd5
Nxd5 9. Bxe7 Ndxe7 10. Bc4 O-O 11. O-O Nd5 12. a3 Nce7 13. Rc1 b6 14. Qc2 Bb7
15. Ne4 h6 16. g3 Rc8 17. Qd3 f5 18. Ned2 f4 19. Ba2 fxg3 20. hxg3 Rxc1 21. Rxc1
Nf5 22. Ne5 Qg5 23. Re1 Nf4 24. Qe3 Nxe3 {White resigns} 0-1

[Event "Team 45 45 League T58"]
[Site "Internet Chess Club"]
[Date "2013.08.26"]
[Round "1"]
[White "Egmont"]
[Black "badmove"]
[Result "1-0"]
[WhiteElo "1765"]
[BlackElo "1721"]
[Opening "Queen's pawn: London system"]
[ECO "A45"]
[Time "09:03:29"]
[TimeControl "2700+45"]

1. d4 Nf6 2. Bf4 c6 3. c3 g6 4. e3 Bg7 5. Nf3 Qb6 6. Qb3 d6 7. Be2 Nh5 8. Bg5
Be6 9. Qc2 h6 10. Bh4 g5 11. Nfd2 Nf6 12. Bg3 h5 13. h4 g4 14. Na3 Bh6 15. Nac4
Qd8 16. Bf4 b5 17. Bxh6 Rxh6 18. Na3 a5 19. Qd3 Nd5 20. Nc2 Na6 21. a3 Qd7 22.
c4 Bf5 23. e4 Nf4 24. Qg3 Nxe2 25. Kxe2 Qe6 26. d5 cxd5 27. cxd5 Qf6 28. exf5
Qxb2 29. Qb3 Qe5+ 30. Ne3 Nc7 31. g3 Rf6 32. Qd3 e6 33. dxe6 fxe6 34. Qe4 Qc5
35. Rhc1 Qa7 36. Rxc7 Qxc7 37. Qxa8+ Kf7 38. fxe6+ Rxe6 39. Qd5 Qc3 40. Qxh5+
Ke7 41. Rb1 Qf6 42. Qh7+ Kd8 43. Rxb5 Re7 44. Qxe7+ Qxe7 45. Rb8+ Kc7 46. Ra8
Kb7 47. Rxa5 Qe6 48. Rg5 Qa2 49. Rxg4 Qxa3 50. h5 Qc5 51. Rh4 d5 52. h6 Qb5+ 53.
Ke1 Qd3 54. h7 {Black resigns} 1-0

[Event "Team 45 45 League T58"]
[Site "Internet Chess Club"]
[Date "2013.08.25"]
[Round "1"]
[White "Otelo"]
[Black "Portola"]
[Result "1-0"]
[WhiteElo "1823"]
[BlackElo "1783"]
[Opening "French: Tarrasch"]
[ECO "C03"]
[Time "08:00:29"]
[TimeControl "2700+45"]

1. e4 e6 2. d4 d5 3. Nd2 dxe4 4. Nxe4 Be7 5. Nf3 Nf6 6. Bd3 Nbd7 7. O-O O-O 8.
Be3 b6 9. c3 Bb7 10. Nxf6+ Nxf6 11. Qc2 h6 12. Rae1 Qd6 13. Ne5 Qd5 14. f4 Qxa2
15. f5 exf5 16. Rxf5 c5 17. Rff1 cxd4 18. Bxd4 Bc5 19. Bxc5 bxc5 20. Bc4 Qa5 21.
Rxf6 gxf6 22. Qg6+ Kh8 23. Qxh6+ Kg8 24. Ng6 {Black resigns} 1-0

[Event "Team 45 45 League T58"]
[Site "Internet Chess Club"]
[Date "2013.08.21"]
[Round "1"]
[White "Heian"]
[Black "fishhead"]
[Result "1-0"]
[WhiteElo "1760"]
[BlackElo "1813"]
[Opening "Sicilian"]
[ECO "B50"]
[Time "17:00:25"]
[TimeControl "2700+45"]

1. e4 c5 2. Nf3 d6 3. Bc4 e6 4. Bb3 b5 5. c3 Nf6 6. Bc2 Qc7 7. d3 Be7 8. O-O
Nbd7 9. d4 Bb7 10. Re1 e5 11. d5 O-O 12. b3 g6 13. Bh6 Rfe8 14. h3 Bf8 15. Qc1
Nh5 16. Bxf8 Nxf8 17. Kh2 Kg7 18. Nbd2 h6 19. Nf1 Qd7 20. g3 Nh7 21. Ne3 Bc8 22.
Ng4 g5 23. Ng1 Qe7 24. Ne3 f6 25. Qd1 Qf7 26. Qe2 Kh8 27. Bd1 Ng7 28. g4 a6 29.
a4 Bd7 30. c4 bxa4 31. bxa4 Reb8 32. Bc2 a5 33. Rab1 Rb4 34. Rxb4 axb4 35. Ra1
Ra5 36. Bb3 Be8 37. Qd1 Nf8 38. Ne2 Nd7 39. Ng3 Kh7 40. Nef5 Nxf5 41. Nxf5 Qf8
42. Qf3 Nb6 43. Qd1 Bd7 44. Ng3 Qa8 45. Nh5 Kg6 46. Qf3 Qd8 47. Qd1 Be8 48. Qf3
Qe7 49. Qf5+ {Black resigns} 1-0

[Event "Team 45 45 League T58"]
[Site "Internet Chess Club"]
[Date "2013.08.23"]
[Round "1"]
[White "jps7"]
[Black "QuieroAprender"]
[Result "0-1"]
[WhiteElo "1761"]
[BlackElo "1691"]
[Opening "King's Indian: London system"]
[ECO "A48"]
[Time "20:00:09"]
[TimeControl "2700+45"]

1. d4 Nf6 2. Nf3 g6 3. Bf4 d6 4. e3 Bg7 5. h3 O-O 6. Bd3 Nc6 7. a3 Nh5 8. Bh2 e5
9. dxe5 dxe5 10. e4 Nf4 11. O-O f5 12. Nc3 Nxd3 13. cxd3 f4 14. Rc1 Be6 15. Qc2
g5 16. g4 h5 17. gxh5 Bxh3 18. Rfe1 g4 19. Nd2 Qh4 20. Nf1 Bxf1 21. Rxf1 g3 22.
fxg3 fxg3 23. Qb3+ Kh8 24. Rxf8+ Rxf8 25. Qc2 Nd4 26. Qg2 Nf3+ 27. Kh1 Nxh2 28.
Kg1 Nf3+ 29. Qxf3 {White resigns} 0-1

[Event "Team 45 45 League T58"]
[Site "Internet Chess Club"]
[Date "2013.08.24"]
[Round "1"]
[White "minke"]
[Black "Sir-Sinister"]
[Result "1/2-1/2"]
[WhiteElo "1930"]
[BlackElo "2037"]
[Opening "KP: Nimzovich defense"]
[ECO "B00"]
[Time "16:01:06"]
[TimeControl "2700+45"]

1. e4 Nc6 2. Nf3 d6 3. d4 Nf6 4. Nc3 g6 5. Bb5 a6 6. Ba4 b5 7. Bb3 Bg7 8. h3 O-O
9. O-O e6 10. Re1 Na5 11. Bf4 Bb7 12. Qd2 b4 13. Ne2 Bxe4 14. Qxb4 Nxb3 15. Qxb3
Rb8 16. Qa3 Bxc2 17. Rac1 Be4 18. Ng5 Bb7 19. Qc3 Nd5 20. Qd2 Nxf4 21. Qxf4 Bh6
22. h4 f6 23. Nxe6 Bxf4 24. Nxd8 Bxc1 25. Nxb7 Rxb7 26. Rxc1 Rxb2 27. Nf4 Rc8
28. Ne6 Rxa2 29. Rb1 Kf7 30. d5 Rd2 31. Rb7 Rxd5 32. Nxc7 Rd1+ 33. Kh2 Rxc7 34.
Rxc7+ Kg8 35. Rc6 a5 36. Ra6 Rd5 37. Kg3 Kg7 38. Kf4 f5 39. Ra7+ Kh6 40. g3 Re5
41. f3 Rc5 42. g4 fxg4 43. fxg4 g5+ 44. hxg5+ Rxg5 45. Ra6 Rd5 46. Ke4 Re5+ 47.
Kf4 Rd5 48. Ke4 Rd1 49. Rxa5 Kg6 50. Rb5 d5+ 51. Kf4 Rd4+ 52. Kf3 Kg5 53. Ke3
Re4+ 54. Kf3 Rf4+ 55. Ke3 Kxg4 56. Rxd5 Rf3+ 57. Ke2 Rf6 58. Rd1 h6 {Game drawn
by mutual agreement} 1/2-1/2

[Event "Team 45 45 League T58"]
[Site "Internet Chess Club"]
[Date "2013.08.23"]
[Round "1"]
[White "CzwartyWymiar"]
[Black "chess09"]
[Result "1-0"]
[WhiteElo "1940"]
[BlackElo "2001"]
[Opening "Grob: Fritz gambit"]
[ECO "A00"]
[Time "17:00:43"]
[TimeControl "2700+45"]

1. g4 d5 2. Bg2 Bxg4 3. c4 c6 4. cxd5 cxd5 5. Qb3 Qc7 6. Nc3 e6 7. Qa4+ Nc6 8.
Qxg4 Nf6 9. Qg3 Qd7 10. Nf3 O-O-O 11. d3 h5 12. Bd2 Bd6 13. Qxg7 Ng4 14. Nb5 Bc5
15. O-O a6 16. Qc3 Bb4 17. Na7+ Kc7 18. Qc2 Bxd2 19. Nxc6 bxc6 20. Qxd2 Rdg8 21.
Rac1 h4 22. h3 e5 23. Qa5+ Kd6 24. Qc5+ Ke6 25. Qxc6+ Qxc6 26. Rxc6+ Kd7 27.
Rxa6 e4 28. dxe4 dxe4 29. Rd1+ Ke7 30. Nd4 Ne5 31. Nf5+ Ke8 32. Ra8# {Black
checkmated} 1-0

[Event "Team 45 45 League T58"]
[Site "Internet Chess Club"]
[Date "2013.08.24"]
[Round "1"]
[White "Tamarin"]
[Black "elmaestro"]
[Result "1-0"]
[WhiteElo "1903"]
[BlackElo "1846"]
[Opening "QGA: 3.e4"]
[ECO "D20"]
[Time "23:06:57"]
[TimeControl "2700+45"]

1. d4 d5 2. c4 dxc4 3. e4 e6 4. Bxc4 a6 5. Nf3 c5 6. O-O Nf6 7. Nc3 b5 8. Bb3
cxd4 9. Nxd4 Bc5 10. Be3 Qb6 11. e5 Nfd7 12. Ne4 Bb7 13. Qg4 Nxe5 14. Qxg7 Bxd4
15. Qxh8+ Kd7 16. Bxd4 Nbc6 17. Qxa8 Nxd4 18. Qb8 Qc6 19. Qxb7+ Qxb7 20. Nc5+
Kc6 21. Nxb7 Kxb7 22. Rad1 Nec6 23. Rd2 a5 24. Rfd1 {Black resigns} 1-0

[Event "Team 45 45 League T58"]
[Site "Internet Chess Club"]
[Date "2013.08.25"]
[Round "1"]
[White "nanning"]
[Black "az2112"]
[Result "1/2-1/2"]
[WhiteElo "1661"]
[BlackElo "1652"]
[Opening "King's Indian: fianchetto, Uhlmann (Szabo) variation"]
[ECO "E62"]
[Time "09:48:27"]
[TimeControl "2700+45"]

1. d4 Nf6 2. c4 g6 3. g3 Bg7 4. Bg2 O-O 5. Nc3 d6 6. Nf3 Nc6 7. O-O e5 8. e4
exd4 9. Nxd4 Ne5 10. b3 Bg4 11. f3 Bd7 12. Bb2 Qc8 13. f4 Nc6 14. Nxc6 Bxc6 15.
Qd2 Re8 {Game drawn by mutual agreement} 1/2-1/2

[Event "Team 45 45 League T58"]
[Site "Internet Chess Club"]
[Date "2013.08.25"]
[Round "1"]
[White "room-matt"]
[Black "TerryMalloy"]
[Result "0-1"]
[WhiteElo "1812"]
[BlackElo "2007"]
[Opening "Sicilian: Grand Prix attack"]
[ECO "B23"]
[Time "10:02:24"]
[TimeControl "2700+45"]

1. e4 c5 2. Nc3 Nc6 3. f4 g6 4. Nf3 Bg7 5. Bc4 e6 6. d3 Nge7 7. O-O d5 8. Bb5
O-O 9. Qe1 Nd4 10. Nxd4 Bxd4+ 11. Kh1 a6 12. f5 exf5 13. Ba4 b5 14. Bh6 Re8 15.
Bg5 bxa4 16. Nxd5 Ra7 17. Nf6+ Bxf6 18. Bxf6 Qd6 19. Qh4 h5 20. Qg5 Kh7 21. Rf4
Ng8 22. Bc3 f6 23. Qh4 Kh6 24. Qf2 g5 25. Rf3 f4 26. Bd2 Kg6 27. Bb4 Rc7 28. Ba5
Rb7 29. h3 Nh6 30. Qd2 f5 31. exf5+ Nxf5 32. Bc3 Ng3+ 33. Kh2 Re2 34. Qd1 Rbe7
35. Qg1 Bxh3 {White resigns} 0-1

[Event "Team 45 45 League T58"]
[Site "Internet Chess Club"]
[Date "2013.08.22"]
[Round "1"]
[White "Buford-Julep"]
[Black "Ayensa80"]
[Result "0-1"]
[WhiteElo "1726"]
[BlackElo "1767"]
[Opening "King's Indian: 6.Be2"]
[ECO "E91"]
[Time "10:30:42"]
[TimeControl "2700+45"]

1. Nf3 Nf6 2. c4 g6 3. Nc3 Bg7 4. d4 d6 5. e4 O-O 6. Be2 a6 7. O-O Bg4 8. Be3
Nbd7 9. Nd2 Bxe2 10. Qxe2 e5 11. d5 Nh5 12. b4 Nf4 13. Qd1 f5 14. Nb3 Qg5 15.
Qf3 Nf6 16. g3 Nh3+ 17. Kh1 f4 18. gxf4 exf4 19. Qxh3 fxe3 20. Qxe3 Qh4 21. Rac1
Ng4 22. Qg3 Qxg3 23. hxg3 Rxf2 24. Rxf2 Nxf2+ 25. Kg1 Nd3 26. Rd1 Nxb4 27. Nd4
Bxd4+ 28. Rxd4 Rf8 29. Kg2 Nc2 30. Rd2 Ne3+ 31. Kg1 Nxc4 32. Rc2 b5 33. Ne2 Rf3
34. Kg2 Re3 35. Nd4 Rxe4 36. Ne6 Rxe6 37. dxe6 Ne3+ 38. Kf3 Nxc2 {White resigns}
0-1

[Event "Team 45 45 League T58"]
[Site "Internet Chess Club"]
[Date "2013.08.23"]
[Round "1"]
[White "Duguesclin"]
[Black "Packerfan"]
[Result "1-0"]
[WhiteElo "1745"]
[BlackElo "1701"]
[Opening "Budapest: Fajarowicz variation"]
[ECO "A51"]
[Time "14:30:53"]
[TimeControl "2700+45"]

1. d4 Nf6 2. c4 e5 3. dxe5 Ne4 4. a3 d6 5. Nf3 Nc6 6. Bf4 Be7 7. exd6 Nxd6 8. e3
O-O 9. Be2 Be6 10. Nbd2 Bf6 11. Ra2 b5 12. b3 bxc4 13. bxc4 Qd7 14. O-O Na5 15.
Nd4 Bxd4 16. Bxd6 Rfd8 17. exd4 Qxd6 18. d5 Bf5 19. Qa4 Qc5 20. Qb4 Qb6 21. c5
Qxb4 22. axb4 Nb7 23. Bf3 a5 24. Rfa1 Rdb8 25. d6 cxd6 26. c6 Nd8 27. c7 Rc8 28.
cxd8=Q+ Rxd8 29. Bxa8 {Black resigns} 1-0